 Dungeon Crawl Stone Soup version 0.24.0-125-gc4c63601f3 (webtiles) character file.

Game seed: 4909513302496315103, levelgen mode: deterministic

71 Destapler the Shield-Bearer (level 4, -1/29 HPs)
             Began as a Gargoyle Fighter on Mar 14, 2020.
             Slain by a leopard gecko (2 damage)
             ... on level 2 of the Dungeon.
             The game lasted 00:02:58 (818 turns).

Destapler the Shield-Bearer (Gargoyle Fighter)       Turns: 818, Time: 00:02:59

Health: -1/29      AC: 10    Str: 17 (19) XL:     4   Next: 24%
Magic:  4/4        EV:  7    Int:  8 (9)  God:
Gold:   47         SH:  9    Dex:  9 (10) Spells: 3/3 levels left

rFire    . . .     SeeInvis .   k - +1 mace (crush)
rCold    . . .     Gourm    .   c - +0 shield
rNeg     + . .     Faith    .   b - +0 scale mail
rPois    ∞         Spirit   .   (no helmet)
rElec    +         Reflect  .   (no cloak)
rCorr    .         Harm     .   (no gloves)
MR       .....                  (no boots)
Stlth    ..........             (no amulet)
HPRegen  0.09/turn              (no ring)
MPRegen  0.09/turn              (no ring)

@: flying
A: negative energy resistance 1, electricity resistance, unbreathing,
petrification resistance, rot immunity, AC +3
a: no special abilities


You were on level 2 of the Dungeon.
You were not hungry.

You visited 1 branch of the dungeon, and saw 2 of its levels.

You collected 47 gold pieces.

Inventory:

Hand Weapons
 a - a +0 flail
 k - a +1 mace of crushing (weapon)
Missiles
 h - a throwing net (quivered)
Armour
 b - a +0 scale mail (worn)
 c - a +0 shield (worn)
Scrolls
 e - 2 scrolls of amnesia {unknown}
 i - a scroll of teleportation {unknown}
 m - 2 scrolls of magic mapping {unknown}
Potions
 d - a potion of might
Comestibles
 f - a ration
 g - 4 chunks of flesh


   Skills:
 + Level 4.1 Fighting
 + Level 3.0 Maces & Flails
 - Level 3.2 Armour
 + Level 4.1 Shields


You had 3 spell levels left.
You didn't know any spells.
Your spell library was empty.

Dungeon Overview and Level Annotations

Branches:
Dungeon (2/15)

Altars:


Innate Abilities, Weirdness & Mutations

You are resistant to torment.
Your stone body is resilient. (AC +3)
You are immune to poison.
You resist negative energy. (rN+)
You are resistant to electric shocks. (rElec)
You can survive without breathing.
You are immune to petrification.
You are immune to rotting.


Message History

You sock the hobgoblin!
You kill the hobgoblin!
Your Maces & Flails skill increases to level 3!
You feel yourself speed up. The leopard gecko bites you.
* * * LOW HITPOINT WARNING * * *
You block the leopard gecko's attack.
It was a potion of degeneration.
There was something very wrong with that liquid.
You feel weakened.
You feel dopey.
You feel clumsy. You block the leopard gecko's attack.
It was a potion of flight.
You feel very buoyant.
You fly up into the air.
The leopard gecko bites you.
* * * LOW HITPOINT WARNING * * *
You hit the leopard gecko.
The leopard gecko is severely wounded.
The leopard gecko bites you but does no damage.
The leopard gecko bites you.
You die...

#....# #).....##
#.#### #.......#
## #.
#####.......##....
..
..................
##
######.....###...#
#....#.......
#............
#####.)......
#@###.... #l# ..#
#w. ##.# .# .# .#
.#


You could see a worm and a leopard gecko.

Vanquished Creatures
  Natasha (D:2)
  A worm (D:2)
  4 dart slugs (D:1)
  2 leopard geckos (D:1)
  3 giant cockroaches (D:1)
  6 hobgoblins
  3 jackals (D:1)
  8 bats
  A frilled lizard (D:1)
  A goblin (D:2)
  2 kobolds (D:1)
  2 rats (D:1)
34 creatures vanquished.

Notes
Turn   | Place    | Note
-------+----------+-------------------------------------------
     0 | D:1      | Destapler the Gargoyle Fighter began the quest for the Orb.
     0 | D:1      | Reached XP level 1. HP: 14/14 MP: 1/1
    49 | D:1      | Reached XP level 2. HP: 16/19 MP: 2/2
   252 | D:1      | Reached XP level 3. HP: 14/24 MP: 3/3
   802 | D:2      | Noticed Natasha
   814 | D:2      | Killed Natasha
   814 | D:2      | Reached XP level 4. HP: 7/29 MP: 4/4
   817 | D:2      | HP: 1/29 [leopard gecko (1)]
   818 | D:2      | Slain by a leopard gecko

Levels and vault maps discovered:
D:1:      wander_arrival_chamber, layout_basic, minmay_misc_feat_rugged
D:2:      layout_loops_ring, first_ration, minmay_cut_off, uniq_natasha,
          uniq_robin

Skill      XL: |  1  2  3  4 |
---------------+-------------+-----
Fighting       | 4 |  4.1
Shields        | 4 |  4.1
Maces & Flails | 3 |  3.0
Armour         | |  3.2

Action                   |  1- 3 |  4- 6 || total
-------------------------+-------+-------++-------
Melee: Flail             |    76 |       ||    76
       Mace              |    46 |     2 ||    48
  Use: Potion            |       |     2 ||     2
Armor: Scale mail        |    92 |     2 ||    94
Dodge: Dodged            |    55 |       ||    55
Block: Shield            |    92 |     2 ||    94
